Map: Ruins of Seras

Players

PiLiPiLi

  • Race: Protoss Protoss

najzmajs - Winner!

  • Race: Zerg Zerg

Event: LycanGTV LotV Beta Tournament 1

VOD

Have the link to the VOD?

Description

Time

  • Played on: April 2, 2015, 12:40 p.m.
  • Length: 9:13

All games in this series

Show
View Real Time Build Order
Export as new Build Order

PiLiPiLi Protoss 

Build Orders: Blink Stalkers 

Get SALT Encoding   

  12  0:01  Probe  
  13  0:13  Probe  
  14  0:18  Pylon  
  14  0:36  Probe (Chrono Boost)  
  14  0:38  Gateway  
  15  0:48  Probe (Chrono Boost)  
  15  0:49  Assimilator  
  16  0:53  Assimilator  
  16  0:56  Probe (Chrono Boost)  
  17  1:07  Probe (Chrono Boost)  
  18  1:14  Pylon  
  18  1:16  Probe (Chrono Boost)  
  19  1:24  Probe  
  20  1:29  Cybernetics Core  
  20  1:36  Probe (Chrono Boost)  
  21  1:47  Probe (Chrono Boost)  
  22  1:53  Probe  
  23  2:05  Probe  
  24  2:15  Warp Gate (Chrono Boost)  
  24  2:18  Sentry  
  24  2:19  Mothership Core (Chrono Boost)  
  28  2:27  Nexus  
  28  2:33  Probe  
  29  2:43  Robotics Facility  
  29  2:46  Probe  
  30  2:54  Pylon  
  30  2:58  Pylon  
  30  3:12  Probe (Chrono Boost)  
  31  3:15  Forge  
  31  3:23  Probe (Chrono Boost)  
  32  3:30  Probe (Chrono Boost)  
  32  3:32  Immortal  
  37  3:40  Probe  
  38  3:41  Probe  
  38  3:51  Protoss Ground Weapons Level 1 (Chrono Boost)  
  38  3:52  Probe  
  38  3:53  Probe  
  40  4:04  Gateway, Probe  
  40  4:05  Probe  
  42  4:12  Immortal (Chrono Boost)  
  42  4:16  Probe  
  47  4:18  Probe  
  48  4:27  Twilight Council  
  48  4:28  Probe  
  48  4:30  Sentry, Probe  
  52  4:41  Assimilator  
  52  4:42  Probe  
  52  4:43  Warp Prism (Chrono Boost)  
  52  4:45  Probe, Assimilator  
  56  4:54  Probe  
  56  4:56  Pylon  
  56  4:57  Probe  
  58  5:06  Probe, Blink (Chrono Boost)  
  59  5:09  Probe  
  60  5:15  Immortal (Chrono Boost)  
  60  5:18  Probe  
  60  5:20  Pylon  
  65  5:24  Probe  
  65  5:26  Gateway  
  66  5:30  Sentry, Gateway  
  66  5:33  Protoss Ground Weapons Level 2 (Chrono Boost)  
  66  5:34  Pylon  
  68  5:36  Pylon  
  68  5:42  Probe  
  71  6:05  Stalker, Immortal (Chrono Boost)  
  71  6:09  Sentry  
  77  6:15  Gateway x2  
  77  6:19  Gateway  
  77  6:21  Gateway  
  77  6:26  Pylon  
  77  6:40  Stalker x3  
  77  6:41  Stalker  
  75  6:55  Photon Cannon  
  75  6:57  Photon Cannon  
  75  6:59  Photon Cannon  
  75  7:00  Photon Cannon  
  75  7:06  Photon Cannon  
  65  7:10  Stalker x3  
  69  7:17  Stalker  
  71  7:34  Stalker x3  
  67  7:47  Stalker  
  69  7:52  Sentry  
  69  7:53  Sentry x2  
  69  7:57  Sentry x2  
  79  8:03  Stalker  
  79  8:04  Stalker  
  83  8:05  Stalker  
  83  8:20  Stalker  
  83  8:21  Stalker  
  83  8:23  Pylon  
  83  8:24  Stalker  
  83  8:25  Stalker  
  87  8:32  Stalker  
  87  8:41  Pylon  
  87  8:46  Stalker x3  
  76  8:57  Stalker x2  
  76  8:58  Stalker  
  72  9:03  Stalker  
  54  9:10  Stalker  
Show
View Real Time Build Order
Export as new Build Order

najzmajs Zerg - Winner!

Build Orders: Hatch First 

Get SALT Encoding   

  12  0:01  Drone  
  13  0:13  Overlord  
  13  0:19  Drone  
  14  0:31  Drone x2  
  16  0:38  Drone  
  17  0:53  Hatchery  
  17  0:57  Drone  
  17  1:01  Drone  
  17  1:04  Extractor  
  17  1:16  Spawning Pool  
  17  1:18  Drone  
  17  1:25  Drone  
  18  1:30  Drone  
  19  1:39  Overlord  
  19  1:50  Drone  
  20  2:03  Queen  
  20  2:04  Drone  
  20  2:06  Queen  
  25  2:10  Metabolic Boost  
  25  2:13  Zergling x4  
  27  2:17  Drone  
  28  2:34  Hatchery  
  27  2:37  Drone  
  27  2:41  Drone x2  
  30  2:44  Drone  
  30  2:47  Drone  
  30  2:48  Drone  
  33  2:59  Drone x2  
  33  3:00  Extractor  
  33  3:03  Extractor  
  33  3:04  Extractor  
  32  3:06  Overlord  
  32  3:09  Drone  
  32  3:11  Drone x2  
  34  3:15  Drone  
  34  3:19  Overlord  
  35  3:24  Drone x2  
  38  3:27  Drone  
  38  3:29  Drone  
  39  3:37  Lair  
  39  3:40  Drone  
  40  3:46  Drone x2  
  42  3:49  Drone  
  42  3:50  Drone  
  42  3:53  Drone  
  42  3:55  Drone  
  45  3:57  Drone  
  45  3:59  Drone  
  48  4:02  Drone  
  48  4:04  Drone  
  48  4:08  Drone x2  
  51  4:15  Spore Crawler  
  50  4:17  Spore Crawler  
  50  4:18  Zergling x4  
  50  4:21  Drone x2  
  53  4:26  Drone x3  
  56  4:37  Spire  
  55  4:40  Drone  
  55  4:41  Roach Warren  
  55  4:42  Drone x2  
  55  4:44  Drone  
  58  4:47  Overseer  
  58  4:54  Evolution Chamber, Overlord  
  58  4:55  Evolution Chamber  
  58  4:56  Overlord  
  58  4:57  Drone  
  58  4:59  Drone  
  56  5:10  Overlord x2  
  56  5:21  Baneling Nest  
  56  5:23  Zerg Melee Weapons Level 1  
  56  5:24  Zerg Ground Armor Level 1  
  55  5:31  Zergling x18  
  55  5:32  Zergling x8  
  55  5:34  Overlord  
  68  5:38  Overlord  
  68  5:48  Mutalisk x3  
  68  5:49  Mutalisk  
  75  5:50  Mutalisk  
  75  5:55  Mutalisk x2  
  79  6:03  Mutalisk x2  
  82  6:07  Overlord  
  82  6:08  Mutalisk  
  82  6:11  Zerg Flyer Weapons Level 1  
  82  6:13  Mutalisk  
  84  6:20  Mutalisk  
  86  6:32  Mutalisk  
  84  6:35  Zergling x18  
  91  6:43  Mutalisk  
  91  6:47  Zergling x6  
  92  6:48  Zergling x6  
  92  6:53  Queen  
  99  6:56  Mutalisk  
  99  6:57  Extractor  
  100  7:03  Mutalisk  
  97  7:13  Mutalisk  
  97  7:15  Zergling x10  
  104  7:28  Mutalisk  
  99  7:31  Mutalisk  
  93  7:46  Mutalisk  
  93  7:48  Drone  
  93  7:49  Drone  
  93  7:50  Drone x8  
  100  7:54  Extractor  
  99  8:01  Mutalisk x2  
  99  8:02  Zergling x2  
  104  8:10  Mutalisk  
  104  8:12  Zergling x4  
  108  8:19  Mutalisk  
  110  8:26  Mutalisk  
  112  8:30  Zergling x4  
  112  8:31  Overlord x4  
  112  8:33  Overlord  
  114  8:34  Overlord  
  114  8:36  Overlord x2  
  111  8:48  Overlord  
  111  8:49  Overlord  

Tags
 
Add a new tag
Caveats
  • Supply blocks, unpowered buildings, or Contaminate may cause inaccurate times.
  • Supply counts are checked every 10 seconds.